 Dungeon Crawl Stone Soup version 0.31-a0-865-g3d5d91748a (webtiles) character file.

Game seed: 15057102024830091925

1192 Darius099 the Cleaver (level 8, -14/64 HPs)
             Began as a Minotaur Fighter on Oct 11, 2023.
             Demolished by a two-headed ogre
             ... wielding a +0 giant club
              (17 damage)
             ... on level 5 of the Dungeon.
             The game lasted 00:10:37 (3120 turns).

Darius099 the Cleaver (Minotaur Fighter)            Turns: 3120, Time: 00:10:37

Health: -14/64     AC: 15    Str: 23    XL:     8   Next: 20%
Magic:  10/10      EV:  9    Int:  5    God:
Gold:   280        SH:  4    Dex: 12    Spells: 11/11 levels left

rFire   . . .        t - +10 hand axe of Intuition {heavy, Dex+2 Stlth+}
rCold   . . .        c - +0 buckler
rNeg    . . .        b - +0 scale mail
rPois   .            (helmet restricted)
rElec   .            w - +2 cloak
rCorr   .            (no gloves)
SInv    .            r - +0 pair of boots
Will    .....        (no amulet)
Stlth   +            v - +4 ring of protection
HPRegen 0.30/turn    (no ring)
MPRegen 0.12/turn

%: no passive effects
@: no status effects
A: horns 2, retaliatory headbutt
a: no special abilities


You were on level 5 of the Dungeon.
You visited 1 branch of the dungeon, and saw 5 of its levels.

You collected 280 gold pieces.

Inventory:

Hand Weapons
 a - a +0 war axe
 t - the +10 hand axe of Intuition (weapon) {heavy, Dex+2 Stlth+}
   (You found it on level 3 of the Dungeon)

   Dex+2:     It affects your dexterity (+2).
   Stlth+:    It makes you more stealthy.
Missiles
 B - 5 javelins
Armour
 b - a +0 scale mail (worn)
 c - a +0 buckler (worn)
 r - a +0 pair of boots (worn)
 w - a +2 cloak (worn)
Jewellery
 v - a +4 ring of protection (left hand)
Wands
 u - a wand of flame (15)
 y - a wand of mindburst (9)
Scrolls
 e - 3 scrolls of teleportation {unknown}
 f - 2 scrolls of revelation {unknown}
 g - 7 scrolls of identify {unknown}
 j - a scroll of poison {unknown}
 k - a scroll of immolation {unknown}
 l - a scroll of fear {unknown}
 n - 2 scrolls of noise {unknown}
 p - 2 scrolls of vulnerability {unknown}
 q - a scroll of silence {unknown}
 x - a scroll of torment {unknown}
Potions
 d - 4 potions of might
 h - a potion of magic {unknown}
 i - 2 potions of curing
 m - 2 potions of degeneration {unknown}
 o - 3 potions of mutation {unknown}
 s - a potion of haste {unknown}
 z - a potion of ambrosia {unknown}
 A - a potion of lignification {unknown}


   Skills:
 - Level 3.6 Fighting
 + Level 11.1 Axes
 - Level 3.8 Armour
 - Level 3.8 Shields
 - Level 2.0 Spellcasting


You had 11 spell levels left.
You didn't know any spells.
Your spell library contained the following spells:

 Spells                   Type           Power      Damage    Failure   Level
 Shock                    Conj/Air       0%         1d3       78%         1
 Swiftness                Air            0%         N/A       98%         3
 Airstrike                Air            0%         2d(0-16)  100%        4


Dungeon Overview and Level Annotations

Branches:
Dungeon (5/15)
 Temple: D:4-7

Altars:
Cheibriados


Innate Abilities, Weirdness & Mutations

You have a pair of horns on your head.
You reflexively headbutt those who attack you in melee.


Message History

The iguana hisses angrily.
The two-headed ogre shouts in stereo!
An ufetubus, a vampire and a white imp come into view.
Found a blade talisman.
The ufetubus shouts!
You hear a shout!
You hear an angry hiss.
You hear a shout!
An iguana, an orc and a scorpion come into view.
The iguana hisses angrily.
The orc shouts!
You closely miss the vampire. The vampire casts a spell at you.
You are confused.
A yak comes into view.
The vampire attacks as it pursues you! The vampire hits you.
The vampire bites you but does no damage.
You bump into the rock wall.
The yak bellows!
The two-headed ogre hits you with a +0 giant club!! x2
* * * LOW HITPOINT WARNING * * *
The vampire hits you.
* * * LOW HITPOINT WARNING * * *
The vampire bites you but does no damage.
The vampire casts a spell at you. You resist with some effort.
You feel less confused. The two-headed ogre closely misses you.
You furiously retaliate!
You headbutt the two-headed ogre! You block the two-headed ogre's attack.
The vampire hits you but does no damage.
The vampire barely misses you. The vampire attacks as it pursues you!
The vampire hits you but does no damage.
The vampire bites you.
* * * LOW HITPOINT WARNING * * *
The vampire draws strength from your injuries!
It was a potion of curing.
You feel better.
The two-headed ogre hits you with a +0 giant club!
* * * LOW HITPOINT WARNING * * *
The two-headed ogre hits you but does no damage.
You slash the two-headed ogre!
The two-headed ogre is heavily wounded.
The two-headed ogre hits you with a +0 giant club!
You die...

.........5.
.....?..5#
#.....5##
..#####.5#
#sl#############
#ol#...........##
##V#............##
#O#.............##
#@#..............#
#.................
#.................
##................
#................
#................
#................
##...............
#.##............


You could see a two-headed ogre, a vampire, a scorpion, 2 iguanas, a white imp,
an orc and an ufetubus.

Vanquished Creatures
  Pikel (D:4)
  Grinder (D:4)
  2 lemures (D:4)
  A kobold brigand (D:3)
  A scorpion (D:4)
  The ghost of SirDiesAlot the Shield-Bearer, a weakling MiFi (D:3)
  An orc priest (D:4)
  Crazy Yiuf (D:3)
  A gnoll bouda (D:3)
  An iguana (D:4)
  Natasha (D:4)
  An orc wizard (D:4)
  7 adders
  A shadow imp (D:5)
  2 worms (D:3)
  3 dart slugs
  3 orcs
  8 endoplasms
  3 giant cockroaches
  5 goblins
  7 hobgoblins
  4 jackals (D:4)
  12 kobolds
  4 quokkas
  7 ball pythons
  5 bats
  10 frilled lizards (D:1)
  4 rats
98 creatures vanquished.

Notes
Turn   | Place    | Note
-------+----------+-------------------------------------------
     0 | D:1      | Darius099 the Minotaur Fighter began the quest for the Orb.
     0 | D:1      | Reached XP level 1. HP: 19/19 MP: 0/0
   230 | D:1      | Reached XP level 2. HP: 24/26 MP: 1/1
   410 | D:1      | Found a faded altar of an unknown god.
   414 | D:1      | Reached skill level 1 in Spellcasting
   494 | D:1      | Reached skill level 3 in Axes
   712 | D:1      | Reached XP level 3. HP: 30/31 MP: 3/3
   830 | D:2      | Identified the +2 cloak of Qywahutt {*Corrode rPois Will+}
  1514 | D:3      | Reached XP level 4. HP: 37/39 MP: 5/5
  1716 | D:3      | Reached skill level 4 in Axes
  1721 | D:3      | Reached XP level 5. HP: 39/45 MP: 7/7
  1729 | D:3      | Identified the +10 hand axe of Intuition {heavy, Dex+2
                  | Stlth+}
  1799 | D:3      | Found a runed translucent gate.
  1799 | D:3      | Found a runed translucent gate.
  1799 | D:3      | Found a runed translucent gate.
  1799 | D:3      | Noticed SirDiesAlot's ghost (weakling MiFi)
  1969 | D:3      | Found a runed translucent door.
  1970 | D:3      | Noticed Crazy Yiuf
  1975 | D:3      | Killed Crazy Yiuf
  1976 | D:3      | Reached skill level 5 in Axes
  1980 | D:3      | Identified the +3 hammer of Anguish {heavy, rElec rF+}
  2126 | D:3      | Killed SirDiesAlot's ghost
  2151 | D:3      | Reached skill level 6 in Axes
  2151 | D:3      | Reached XP level 6. HP: 31/51 MP: 8/8
  2364 | D:4      | Reached skill level 7 in Axes
  2443 | D:4      | Found a snail-covered altar of Cheibriados.
  2571 | D:4      | Noticed Pikel
  2576 | D:4      | Killed Pikel
  2577 | D:4      | Reached skill level 10 in Axes
  2577 | D:4      | Reached XP level 7. HP: 46/57 MP: 9/9
  2620 | D:4      | Noticed Natasha
  2627 | D:4      | Killed Natasha
  3004 | D:4      | Noticed Grinder
  3020 | D:4      | Killed Grinder
  3021 | D:4      | Reached skill level 11 in Axes
  3021 | D:4      | Reached XP level 8. HP: 54/64 MP: 10/10
  3059 | D:5      | Entered Level 5 of the Dungeon
  3076 | D:5      | Identified the +1 robe of the Thunderstorm {rPois Dex+3}
  3106 | D:5      | Noticed a two-headed ogre
  3119 | D:5      | HP: 3/64 [two-headed ogre/+0 giant club (13)]
  3120 | D:5      | Demolished by a two-headed ogre

Illustrated notes

Levels and vault maps discovered:
D:1:      minmay_arrival_open_corners, layout_loops_ring,
          hellmonk_ecumenical_altar_lost_god, minmay_misc_feat_hallway,
          reono_crystal_passage, minmay_lizard_king
D:2:      layout_loops_ring
D:3:      layout_basic, gammafunk_ghost_nasty_kobolds, minmay_diced_spiral,
          uniq_crazy_yiuf_cottage
D:4:      layout_loops_ring, kennysheep_slug_shrine,
          chequers_hall_statues_wall_a, grunt_decor_cap, uniq_grinder,
          uniq_natasha, uniq_pikel
D:5:      cheibrodos_fzero, layout_cave_pods, grunt_dithmenos_smoke,
          gammafunk_temple_overflow_elements, gammafunk_ghost_necromancy,
          uniq_ijyb

Skill      XL: |  1  2  3  4  5  6  7 |
---------------+----------------------+-----
Spellcasting   | 1 2 |  2.0
Axes           | 3 4 6 10 11 | 11.1
Fighting       | |  3.6
Armour         | |  3.8
Shields        | |  3.8

Action                     |  1- 3 |  4- 6 |  7- 9 || total
---------------------------+-------+-------+-------++-------
  Melee: War axe           |    94 |    36 |       ||   130
         Headbutt          |     7 |     8 |     5 ||    20
         Hand axe          |       |    48 |    21 ||    69
    Use: Potion            |       |       |     1 ||     1
 Armour: Scale mail        |    70 |    59 |    23 ||   152
  Dodge: Dodged            |    36 |    36 |     8 ||    80
  Block: Buckler           |    25 |    18 |     3 ||    46

Table legend: (Time is in decaauts)
 A = Elapsed time spent in this place.
 B = Non-inter-level travel time spent in this place.
 C = Inter-level travel time spent in this place.
 D = Time resting spent in this place.
 E = Time spent auto-exploring this place.
 F = Levels seen in this place.
 G = Mean time per level.
                   A        B        C        D        E       F      G
               +--------+--------+--------+--------+--------+-----+--------+
         Total |   3195 |   3180 |     15 |     99 |   1886 |   5 |  639.0 |
       Dungeon |   3195 |   3180 |     15 |     99 |   1886 |   5 |  639.0 |
               +--------+--------+--------+--------+--------+-----+--------+

Top non-repeatable levels by time:
     D:3: 892 daAuts
     D:1: 851 daAuts
     D:4: 777 daAuts
     D:2: 613 daAuts
     D:5: 61 daAuts
